Map: Interloper LE

Players

Myhome

  • Race: Terran Terran
  • League: Diamond
  • Spawn Location: 11:00

Yata - Winner!

  • Race: Zerg Zerg
  • League: Platinum
  • Spawn Location: 5:00

VOD

Have the link to the VOD?

Description

Time

  • Played on: Sept. 30, 2017, 9:58 p.m.
  • Length: 5:52
Show
View Real Time Build Order
Export as new Build Order

Myhome Terran 

Build Orders: Reaper Expand 

Get SALT Encoding   

  12  0:02  SCV  
  13  0:14  SCV  
  14  0:17  Supply Depot  
  14  0:26  SCV  
  15  0:39  SCV  
  15  0:40  Barracks  
  16  0:46  Refinery  
  16  0:51  SCV  
  17  1:05  SCV  
  18  1:17  SCV  
  19  1:30  Orbital Command  
  19  1:42  Command Center  
  19  1:55  SCV  
  19  1:59  Reaper  
  21  2:03  Supply Depot  
  21  2:11  Barracks  
  21  2:17  SCV  
  22  2:24  Factory  
  22  2:27  Refinery  
  22  2:29  SCV  
  23  2:33  Barracks Reactor  
  23  2:45  SCV  
  24  2:58  SCV  
  26  3:07  Orbital Command  
  26  3:10  Factory Tech Lab  
  26  3:11  Marine x2, Barracks Tech Lab  
  27  3:13  SCV  
  27  3:18  Starport  
  28  3:27  SCV  
  28  3:30  Marine x3  
  28  3:32  Stimpack  
  33  3:34  SCV  
  33  3:39  SCV  
  34  3:47  Marine  
  34  3:48  Marine x2  
  36  3:49  SCV  
  38  3:57  SCV  
  38  3:59  Starport Reactor  
  38  4:01  SCV  
  40  4:05  Marine x2  
  40  4:06  Marine  
  40  4:09  SCV  
  44  4:13  SCV  
  40  4:26  Marine x3  
  40  4:27  SCV x2  
  45  4:39  SCV  
  45  4:40  Refinery  
  45  4:41  Refinery  
  45  4:44  Supply Depot  
  46  4:46  Supply Depot  
  46  5:05  Marine x3  
  46  5:06  Medivac, SCV x2  
  53  5:08  Engineering Bay  
  53  5:10  Engineering Bay  
  53  5:18  SCV, Command Center  
  52  5:23  Marine x2  
  52  5:28  Marine  
  51  5:29  SCV  
  51  5:30  SCV  
Show
View Real Time Build Order
Export as new Build Order

Yata Zerg - Winner!

Build Orders: Hatch First 

Get SALT Encoding   

  12  0:01  Drone  
  13  0:13  Overlord  
  13  0:17  Drone  
  14  0:31  Drone x2  
  14  0:35  Drone  
  17  0:55  Drone  
  17  0:56  Hatchery  
  17  1:01  Drone  
  18  1:09  Extractor  
  17  1:15  Spawning Pool  
  17  1:17  Drone  
  17  1:20  Drone  
  18  1:28  Drone  
  19  1:45  Overlord  
  19  1:54  Drone  
  20  2:01  Queen  
  20  2:08  Queen  
  24  2:10  Zergling x4  
  24  2:15  Metabolic Boost  
  26  2:18  Drone  
  26  2:19  Drone  
  28  2:26  Evolution Chamber  
  27  2:33  Baneling Nest  
  26  2:37  Drone x3  
  26  2:43  Drone  
  30  2:46  Overlord  
  30  3:08  Drone x4  
  34  3:13  Drone x4  
  38  3:24  Zerg Melee Weapons Level 1  
  38  3:32  Zergling x8  
  42  3:41  Drone x2  
  44  3:45  Overlord x3  
  44  4:14  Hatchery  
  38  4:40  Queen  
  38  4:41  Zergling x2  
  38  4:42  Zergling x20  
  53  4:50  Lair  
  53  4:52  Extractor, Drone x3  
  53  4:56  Overlord x2  
  52  5:09  Overlord x3  
  52  5:23  Baneling x6  
  52  5:28  Drone x6  
Tags
 
Add a new tag
Caveats
  • Supply blocks, unpowered buildings, or Contaminate may cause inaccurate times.
  • Supply counts are checked every 10 seconds.